 Dungeon Crawl Stone Soup version 0.31-a0-1147-g46bab52692 (webtiles) character file.

Game seed: 5719350142206487812

100 MacCMillion the Shield-Bearer (level 4, 0/38 HPs)
             Began as a Ghoul Fighter on Dec 7, 2023.
             Killed from afar by an orc wizard (3 damage)
             ... with a puff of flame
             ... on level 3 of the Dungeon.
             The game lasted 00:02:49 (1938 turns).

MacCMillion the Shield-Bearer (Ghoul Fighter)       Turns: 1938, Time: 00:02:50

Health: 0/38       AC:  7    Str: 21    XL:     4   Next: 73%
Magic:  3/3        EV:  9    Int:  7    God:
Gold:   152        SH:  0    Dex:  8    Spells: 3/3 levels left

rFire   + . .        a - +0 war axe
rCold   + . .        c - +0 buckler
rNeg    + + +        r - +0 scale mail {rF+}
rPois   ∞            (no helmet)
rElec   .            (no cloak)
rCorr   .            (no gloves)
SInv    .            e - +0 pair of boots
Will    .....        (no amulet) Stlth
                     (no ring)
HPRegen 0.00/turn    (no ring)
MPRegen 0.08/turn

%: no passive effects
@: confused, inhibited regen
A: claws 1, cold resistance 1, negative energy resistance 3, inhibited
regeneration, torment resistance 2, devour on kill
a: no special abilities


You were on level 3 of the Dungeon.
You visited 1 branch of the dungeon, and saw 3 of its levels.

You collected 152 gold pieces.

Inventory:

Hand Weapons
 a - a +0 war axe (weapon)
Missiles
 f - 5 poisoned darts
Armour
 b - a +0 scale mail
 c - a +0 buckler (worn)
 e - a +0 pair of boots (worn)
 r - a +0 scale mail of fire resistance (worn)
Wands
 s - a wand of acid (8)
Scrolls
 h - 2 scrolls of teleportation {unknown}
 i - 2 scrolls of identify {unknown}
 k - 2 scrolls of poison {unknown}
 q - a scroll of revelation {unknown}
Potions
 d - 2 potions of might
 g - a potion of brilliance {unknown}
 j - a potion of lignification {unknown}
 l - a potion of mutation {unknown}
 m - a potion of ambrosia {unknown}
 n - a potion of resistance {unknown}
 o - a potion of magic {unknown}
 p - a potion of attraction {unknown}


   Skills:
 - Level 3.2 Fighting
 + Level 3.3 Axes
 - Level 2.6 Armour
 + Level 3.9 Shields


You had 3 spell levels left.
You didn't know any spells.
Your spell library contained the following spells:

 Spells                   Type           Power      Damage    Failure   Level
 Ensorcelled Hibernation  Hex/Ice        0%         N/A       93%         2
 Passwall                 Tmut/Erth      0%         N/A       93%         2
 Swiftness                Air            0%         N/A       99%         3


Dungeon Overview and Level Annotations

Branches:
Dungeon (3/15)

Altars:

Shops:
D:1 ((


Innate Abilities, Weirdness & Mutations

You are immune to poison.
You have sharp fingernails.
Your flesh is cold resistant. (rC+)
You are immune to negative energy. (rN+++)
You do not regenerate when monsters are visible.
You are immune to unholy pain and torment.
You thrive by killing the living.


Message History

Things that are here:
a +0 flail; a +0 leather armour; a +0 club Something hits you.
Something hits you.
You bump into the rock wall.
You hear some strange, mumbled words.
A puff of flame appears from out of thin air!
The puff of flame hits you. You resist.
You miss something. Something hits you.
You bump into the rock wall.
Something hits you.
You barely miss something. Something hits you.
Something hits you but does no damage.
You bump into the rock wall.
You hear some strange, mumbled words.
A puff of flame appears from out of thin air!
The puff of flame hits you. You resist.
* * * LOW HITPOINT WARNING * * *
You bump into the rock wall.
Something hits you but does no damage.
You feel less confused.
A magic dart appears from out of thin air!
The magic dart hits you.
* * * LOW HITPOINT WARNING * * *
You hear some strange, mumbled words.
You are confused.
An orc wizard appears from thin air!
Reactivating autopickup.
The orc wizard hits you with a +0 dagger.
* * * LOW HITPOINT WARNING * * *
Okay, then.
The orc wizard hits you but does no damage.
You barely miss the orc wizard.
The orc wizard is severely wounded.
The orc wizard hits you with a +0 dagger.
* * * LOW HITPOINT WARNING * * *
You completely miss the orc wizard.
The orc wizard is severely wounded.
The orc wizard completely misses you.
The orc wizard points at you and mumbles some strange words.
The puff of flame hits you. You resist.
You die...

### #.. # #.# .# #.
##.###.#.# #. ##........# #.
##...o.# # .## #....@.# .#
... #......###.# #.# #
#.#........# #.# ..
#.##.###.### #.# ...
#.##.###.#######.#....
#.######.##))...†....).>.....
#..........####......#.......
########.#.# ######.........
#.#.# ####.#....


You could see an orc wizard.

Vanquished Creatures
  Jessica (D:2)
  An adder (D:2)
  3 orcs (D:3)
  7 ball pythons
  5 bats
  9 endoplasms
  4 giant cockroaches
  4 goblins
  4 hobgoblins (D:3)
  3 jackals (D:2)
  3 quokkas
  3 frilled lizards
  A kobold (D:1)
  8 rats
56 creatures vanquished.

Notes
Turn   | Place    | Note
-------+----------+-------------------------------------------
     0 | D:1      | MacCMillion the Ghoul Fighter began the quest for the Orb.
     0 | D:1      | Reached XP level 1. HP: 19/19 MP: 0/0
    32 | D:1      | Found Veutol's Weapon Shoppe.
   192 | D:1      | Reached XP level 2. HP: 26/26 MP: 1/1
   272 | D:1      | Found Itiahomode's Antique Weapon Boutique.
   740 | D:1      | Found a faded altar of an unknown god.
   974 | D:2      | Reached XP level 3. HP: 31/31 MP: 2/2
   986 | D:2      | Noticed Jessica
   997 | D:2      | Killed Jessica
  1055 | D:2      | Reached XP level 4. HP: 33/38 MP: 3/3
  1938 | D:3      | Killed from afar by an orc wizard

Illustrated notes

Levels and vault maps discovered:
D:1:      dpeg_arrival_tiny_f, layout_basic, serial_shops,
          nicolae_shop_tiny_waterfront, shop_fountains,
          dreamdust_ecumenical_altar_hidden_monk_grotto
D:2:      layout_loops_ring, uniq_jessica
D:3:      layout_loops_ring

Skill      XL: |  1  2  3 |
---------------+----------+-----
Axes           | 2 3 |  3.3
Shields        | 3 |  3.9
Fighting       | |  3.2
Armour         | |  2.6

Action                     |  1- 3 |  4- 6 || total
---------------------------+-------+-------++-------
  Melee: War axe           |    69 |    87 ||   156
 Armour: Scale mail        |    43 |    82 ||   125
  Dodge: Dodged            |    31 |    36 ||    67
  Block: Buckler           |    14 |    15 ||    29

Table legend: (Time is in decaauts)
 A = Elapsed time spent in this place.
 B = Non-inter-level travel time spent in this place.
 C = Inter-level travel time spent in this place.
 D = Time resting spent in this place.
 E = Time spent auto-exploring this place.
 F = Levels seen in this place.
 G = Mean time per level.
                   A        B        C        D        E       F      G
               +--------+--------+--------+--------+--------+-----+--------+
         Total |   1998 |   1884 |    114 |      0 |   1426 |   3 |  666.0 |
       Dungeon |   1998 |   1884 |    114 |      0 |   1426 |   3 |  666.0 |
               +--------+--------+--------+--------+--------+-----+--------+

Top non-repeatable levels by time:
     D:1: 938 daAuts
     D:2: 809 daAuts
     D:3: 250 daAuts
